 Dungeon Crawl Stone Soup version 0.30-a0-779-g7971cf19c3 (webtiles) character file.

Game seed: 14143707827017479527

8890 Flugslaktarn the Cleaver (level 11, -6/97 HPs)
             Began as a Minotaur Fighter on Feb 17, 2023.
             Was the Champion of Cheibriados.
             Mangled by a 13-headed hydra (12 damage)
             ... on level 10 of the Dungeon.
             The game lasted 00:04:16 (8324 turns).

Flugslaktarn the Cleaver (Minotaur Fighter)         Turns: 8324, Time: 00:04:16

Health: -6/97      AC: 21    Str: 45    XL:     11   Next: 15%
Magic:  5/15       EV: 16    Int: 20    God:    Cheibriados [******]
Gold:   269        SH:  7    Dex: 26    Spells: 10/10 levels left

rFire   . . .      SeeInvis .    a - +0 war axe
rCold   . . .      Faith    .    c - +0 buckler
rNeg    . . .      Spirit   .    l - +0 chain mail
rPois   .          Reflect  .    (helmet restricted)
rElec   .          Harm     .    f - +2 cloak
rCorr   .          Rampage  .    (no gloves)
Will    .....                    C - +1 pair of boots Stlth
                                 (no amulet)
HPRegen 0.36/turn                p - +4 ring of protection
MPRegen 0.14/turn                k - +6 ring of strength

@: very slow
A: horns 2, retaliatory headbutt
a: Renounce Religion, Bend Time, Temporal Distortion, Slouch, Step From Time


You were on level 10 of the Dungeon.
You worshipped Cheibriados.
Cheibriados was exalted by your worship.
You visited 1 branch of the dungeon, and saw 10 of its levels.

You collected 357 gold pieces.
You spent 88 gold pieces at shops.

Inventory:

Hand Weapons
 a - a +0 war axe (weapon)
 n - a +0 battleaxe
   (You found it on level 3 of the Dungeon)
 I - a +3 battleaxe
   (You took it off a wight on level 10 of the Dungeon)
Armour
 c - a +0 buckler (worn)
 f - a +2 cloak (worn)
   (You found it on level 6 of the Dungeon)
 l - a +0 chain mail (worn)
   (You found it on level 3 of the Dungeon)
 C - a +1 pair of boots (worn)
   (You found it on level 8 of the Dungeon)
Jewellery
 k - a +6 ring of strength (right hand)
   (You found it on level 6 of the Dungeon)
 o - a ring of poison resistance
   (You found it on level 4 of the Dungeon)
 p - a +4 ring of protection (left hand)
   (You found it on level 3 of the Dungeon)
Wands
 y - a wand of iceblast (23)
   (You found it on level 6 of the Dungeon)
 F - a wand of mindburst (12)
   (You found it on level 8 of the Dungeon)
 G - a wand of charming (4)
   (You found it on level 10 of the Dungeon)
Scrolls
 g - 2 scrolls of vulnerability
 i - a scroll of fear
 r - 3 scrolls of identify
 t - 4 scrolls of teleportation
 u - 3 scrolls of enchant weapon
 D - a scroll of magic mapping {unknown}
 E - a scroll of fog {unknown}
 H - a scroll of immolation {unknown}
Potions
 b - a potion of cancellation
 d - a potion of might
 e - a potion of attraction {unknown}
 h - 5 potions of lignification
 j - 2 potions of degeneration {unknown}
 m - 2 potions of haste {unknown}
 q - 6 potions of curing
 s - 6 potions of ambrosia
 v - 3 potions of magic {unknown}
 w - 4 potions of heal wounds
 x - a potion of resistance {unknown}
 z - a potion of brilliance {unknown}
 A - a potion of invisibility
 B - a potion of flight {unknown}


   Skills:
 + Level 9.3 Fighting
 * Level 12.3 Axes
 + Level 9.3 Armour
 + Level 7.5 Dodging
 - Level 4.1 Shields
 + Level 6.8 Invocations


You had 10 spell levels left.
You didn't know any spells.
Your spell library was empty.

Dungeon Overview and Level Annotations

Branches:
Dungeon (10/15)            Temple (0/1) D:6            Lair (0/5) D:10
    Orc: D:9-12

Altars:
Cheibriados
Gozag

Shops:
D:6 :   D:7 !

Annotations:
D:7 2 transporters, Glaciallarry's ghost, novice OgGl


Innate Abilities, Weirdness & Mutations

You have a pair of horns on your head.
You reflexively headbutt those who attack you in melee.


Message History

Your headbutt misses the yak.
The yak is moderately wounded.
You block the yak's attack.
You slash the yak! Your headbutt misses the yak.
The yak is severely wounded.
You slice one of the seven-headed hydra's heads off!
The six-headed hydra grows two more!
You hit the eight-headed hydra. You barely miss the yak.
You headbutt the yak, but do no damage.
The yak is severely wounded.
You chop one of the eight-headed hydra's heads off!
The seven-headed hydra grows two more!
You slash the nine-headed hydra! The yak gores you but does no damage.
The nine-headed hydra closely misses you.
The nine-headed hydra bites you!
The nine-headed hydra bites you but does no damage.
The nine-headed hydra bites you.
You block the nine-headed hydra's attack. x2
The nine-headed hydra barely misses you.
The nine-headed hydra bites you but does no damage. x2
You slice the yak!!
You kill the yak!
Cheibriados appreciates the change of pace.
You slice one of the nine-headed hydra's heads off!
The eight-headed hydra grows two more!
You slash the ten-headed hydra!
The ten-headed hydra bites you but does no damage. x2
The ten-headed hydra completely misses you.
The ten-headed hydra misses you.
The ten-headed hydra bites you but does no damage. x2
The ten-headed hydra misses you.
The ten-headed hydra completely misses you.
The ten-headed hydra barely misses you.
You block the ten-headed hydra's attack.
You hack one of the ten-headed hydra's heads off!
The nine-headed hydra grows two more!
You slice the 11-headed hydra!!
Your headbutt misses the 11-headed hydra.
The 11-headed hydra is moderately wounded.
The 11-headed hydra bites you. x2; The 11-headed hydra barely misses you.
You block the 11-headed hydra's attack. The 11-headed hydra closely misses you.
The 11-headed hydra bites you but does no damage.
You block the 11-headed hydra's attack. The 11-headed hydra closely misses you.
The 11-headed hydra bites you. The 11-headed hydra closely misses you.
The 11-headed hydra bites you but does no damage.
You lop one of the 11-headed hydra's heads off!
The ten-headed hydra grows two more!
You hit the 12-headed hydra.
The 12-headed hydra is moderately wounded.
The 12-headed hydra bites you. The 12-headed hydra barely misses you.
The 12-headed hydra bites you but does no damage.
The 12-headed hydra barely misses you.
The 12-headed hydra bites you but does no damage.
The 12-headed hydra bites you. The 12-headed hydra barely misses you.
The 12-headed hydra closely misses you. The 12-headed hydra barely misses you.
The 12-headed hydra completely misses you.
You block the 12-headed hydra's attack. The 12-headed hydra closely misses you.
A 12-headed hydra is nearby!
You hack one of the 12-headed hydra's heads off!
The 11-headed hydra grows two more!
You slice the 13-headed hydra!!
The 13-headed hydra is moderately wounded.
You block the 13-headed hydra's attack. The 13-headed hydra bites you!
The 13-headed hydra completely misses you.
The 13-headed hydra closely misses you. The 13-headed hydra barely misses you.
The 13-headed hydra bites you but does no damage.
The 13-headed hydra bites you. The 13-headed hydra closely misses you.
The 13-headed hydra bites you. The 13-headed hydra barely misses you.
The 13-headed hydra bites you but does no damage.
You block the 13-headed hydra's attack. The 13-headed hydra bites you!
Okay, then.
You can feel time thicken for a moment.
The 13-headed hydra closely misses you. The 13-headed hydra bites you.
The 13-headed hydra bites you but does no damage.
You block the 13-headed hydra's attack. x2
The 13-headed hydra bites you but does no damage.
You block the 13-headed hydra's attack.
The 13-headed hydra bites you but does no damage.
The 13-headed hydra closely misses you.
The 13-headed hydra bites you but does no damage.
The 13-headed hydra misses you. x2
The 13-headed hydra bites you but does no damage.
You can feel time thicken for a moment.
The 13-headed hydra bites you but does no damage.
The 13-headed hydra completely misses you.
The 13-headed hydra bites you. You block the 13-headed hydra's attack.
The 13-headed hydra bites you but does no damage.
The 13-headed hydra bites you. The 13-headed hydra barely misses you.
The 13-headed hydra bites you. The 13-headed hydra bites you!
* * * LOW HITPOINT WARNING * * *
The 13-headed hydra bites you!
* * * LOW HITPOINT WARNING * * *
The 13-headed hydra bites you.
* * * LOW HITPOINT WARNING * * *
You block the 13-headed hydra's attack.
The 13-headed hydra bites you but does no damage.
You fail to use your ability.
The 13-headed hydra bites you but does no damage. x2
The 13-headed hydra bites you.
* * * LOW HITPOINT WARNING * * *
The 13-headed hydra barely misses you. x2
You block the 13-headed hydra's attack.
The 13-headed hydra bites you but does no damage.
You block the 13-headed hydra's attack. The 13-headed hydra bites you!
You die...

#..................
#..................
...................
#####+#####........
..............#####
...........(..#...#
..............#...#
..............#.†.# #
..............##@##..#
.................D...#
...####....#.........#
...####....#.........#
...........#.........#
...........#.........#
...........#.........#
...........'.........#
...........#.........#


You could see a 13-headed hydra.

Vanquished Creatures
  2 two-headed ogres (D:10)
  Urug (D:10)
  2 trolls
  A queen bee (D:9)
  7 yaks (D:10)
  A shadow (D:6)
  2 wyverns
  A steam dragon (D:9)
  An acid dragon (D:9)
  3 water moccasins
  An orc warrior (D:5)
  2 ice beasts (D:6)
  2 black bears
  An ogre (D:4)
  2 sky beasts
  2 centaurs
  3 phantoms
  A kobold brigand (D:7)
  2 bullfrogs (D:6)
  2 gnoll sergeants
  2 necrophages
  2 scorpions
  7 wights
  34 killer bees
  A howler monkey (D:5)
  5 hounds
  A jelly (D:5)
  6 orc priests
  Jessica (D:3)
  5 iguanas
  Natasha (thrice) (D:2)
  3 orc wizards
  Robin (D:2)
  4 adders (D:2)
  11 gnolls
  4 white imps
  A worm (D:2)
  2 dart slugs
  27 orcs
  A bat (D:1)
  8 endoplasms
  3 giant cockroaches
  14 goblins
  11 hobgoblins
  8 jackals
  21 kobolds
  6 quokkas
  6 ball pythons
  4 rats
241 creatures vanquished.

Vanquished Creatures (others)
  3 plants (D:8)
3 creatures vanquished.

Grand Total: 244 creatures vanquished

Notes
Turn   | Place    | Note
-------+----------+-------------------------------------------
     0 | D:1      | Flugslaktarn the Minotaur Fighter began the quest for the
                  | Orb.
     0 | D:1      | Reached XP level 1. HP: 19/19 MP: 0/0
    88 | D:1      | Reached XP level 2. HP: 19/27 MP: 1/1
   160 | D:1      | Reached skill level 3 in Axes
   441 | D:1      | Found a faded altar of an unknown god.
   709 | D:1      | Prayed at the altar of an unknown god.
   709 | D:1      | Became a worshipper of Cheibriados the Contemplative
   709 | D:1      | Reached * piety under Cheibriados
   774 | D:2      | Reached XP level 3. HP: 31/33 MP: 2/2
   796 | D:2      | Identified the +9 dagger of Resourcefulness {heavy, rElec
                  | Dex+3}
  1124 | D:2      | Reached XP level 4. HP: 40/40 MP: 3/3
  1414 | D:2      | Noticed Robin
  1415 | D:2      | Noticed Natasha
  1416 | D:2      | Reached ** piety under Cheibriados
  1422 | D:2      | Killed Robin
  1426 | D:2      | Reached skill level 4 in Axes
  1431 | D:2      | Killed Natasha
  1432 | D:2      | Reached skill level 1 in Invocations
  1582 | D:2      | Noticed Natasha
  1586 | D:2      | Killed Natasha
  1587 | D:2      | Reached skill level 1 in Dodging
  1587 | D:2      | Reached XP level 5. HP: 47/47 MP: 4/4
  1710 | D:2      | Noticed Natasha
  1718 | D:2      | Killed Natasha
  2861 | D:3      | Noticed Jessica
  2863 | D:3      | Killed Jessica
  2864 | D:3      | Reached XP level 6. HP: 41/53 MP: 6/6
  3099 | D:3      | Reached skill level 5 in Axes
  3164 | D:4      | Reached skill level 5 in Fighting
  3164 | D:4      | Reached skill level 5 in Armour
  3166 | D:4      | Reached *** piety under Cheibriados
  3316 | D:4      | Reached XP level 7. HP: 50/61 MP: 7/7
  3965 | D:5      | Entered Level 5 of the Dungeon
  3999 | D:5      | Noticed a troll
  4006 | D:5      | Killed a troll
  4007 | D:5      | Reached skill level 6 in Axes
  4248 | D:5      | Reached **** piety under Cheibriados
  4249 | D:5      | Reached skill level 7 in Axes
  4249 | D:5      | Reached XP level 8. HP: 70/70 MP: 9/9
  4769 | D:5      | Reached skill level 8 in Axes
  4893 | D:6      | Found Faur's Book Shop.
  4951 | D:6      | Reached XP level 9. HP: 72/78 MP: 11/11
  4997 | D:6      | Found a staircase to the Ecumenical Temple.
  5082 | D:6      | Reached skill level 9 in Axes
  5082 | D:6      | Reached skill level 5 in Dodging
  5370 | D:6      | Reached ***** piety under Cheibriados
  5655 | D:7      | Found a transporter.
  5658 | D:7      | Noticed Glaciallarry's ghost (novice OgGl)
  5751 | D:7      | Found a transporter.
  5918 | D:7      | Found Vesoack's Distillery.
  5926 | D:7      | Bought a potion of invisibility for 88 gold pieces
  6171 | D:7      | Reached skill level 5 in Invocations
  6413 | D:8      | Identified the +3 chain mail "Tobla" {rCorr}
  6639 | D:8      | Reached skill level 10 in Axes
  6808 | D:8      | Reached ****** piety under Cheibriados
  7283 | D:9      | Reached XP level 10. HP: 83/88 MP: 13/13
  7573 | D:9      | Reached skill level 11 in Axes
  7788 | D:10     | Entered Level 10 of the Dungeon
  7812 | D:10     | Found an opulent altar of Gozag.
  7864 | D:10     | Noticed a two-headed ogre
  7869 | D:10     | Killed a two-headed ogre
  7908 | D:10     | Found a staircase to the Lair.
  7955 | D:10     | Noticed a two-headed ogre
  7963 | D:10     | Killed a two-headed ogre
  8056 | D:10     | Noticed Urug
  8062 | D:10     | Killed Urug
  8063 | D:10     | Reached skill level 12 in Axes
  8105 | D:10     | Reached XP level 11. HP: 86/97 MP: 14/14
  8314 | D:10     | Noticed a seven-headed hydra
  8324 | D:10     | Mangled by a 13-headed hydra

Illustrated notes

Levels and vault maps discovered:
D:1:      sevenhm_arrival_forest_fort_small_6, layout_basic,
          shapermc_ecumenical_altar_gd
D:2:      layout_basic, lightli_corner_chamber, uniq_robin, uniq_natasha
D:3:      layout_basic, uniq_jessica
D:4:      layout_cave_pods
D:5:      layout_basic
D:6:      layout_cave_pools, minmay_temple_entry_poolview, serial_shops,
          nicolae_shop_waterfront
D:7:      layout_basic, serial_shops, shop_fountains, nzn_ghost_randoct
D:8:      corexii_shantytown, layout_cave_pods
D:9:      layout_roguey, minivault_7
D:10:     layout_stronghold, grunt_gozag_breadcrumbs, lair_entry_dummy,
          serial_column_ruins, column_ruins_square_large, column_ruins_hut,
          column_ruins_open_large, column_ruins_open_tiny,
          column_ruins_columns_corner, column_ruins_open_medium,
          column_ruins_grid_1, minmay_crystal_water, uniq_urug

Skill      XL: |  1  2  3  4  5  6  7  8  9 10 |
---------------+-------------------------------+-----
Axes           | 3 4 5 7 8 10 12 | 12.3
Shields        | 4 |  4.1
Fighting       | 4 5 6 8 9 |  9.3
Armour         | 4 5 6 8 9 |  9.3
Invocations    | 1 2 3 4 5 6 |  6.8
Dodging        | 1 2 3 4 6 7 |  7.5

Action                     |  1- 3 |  4- 6 |  7- 9 | 10-12 || total
---------------------------+-------+-------+-------+-------++-------
  Melee: War axe           |    78 |    78 |   236 |   104 ||   496
         Headbutt          |     9 |    13 |    49 |    24 ||    95
 Invoke: Slouch            |       |       |       |     2 ||     2
    Use: Potion            |       |     1 |     3 |       ||     4
         Scroll            |       |       |    14 |       ||    14
 Armour: Scale mail        |    39 |    23 |       |       ||    62
         Chain mail        |       |    28 |   118 |    70 ||   216
  Dodge: Dodged            |    38 |    46 |   153 |   137 ||   374
  Block: Buckler           |    23 |    19 |    68 |    63 ||   173

Table legend: (Time is in decaauts)
 A = Elapsed time spent in this place.
 B = Non-inter-level travel time spent in this place.
 C = Inter-level travel time spent in this place.
 D = Time resting spent in this place.
 E = Time spent auto-exploring this place.
 F = Levels seen in this place.
 G = Mean time per level.
                   A        B        C        D        E       F      G
               +--------+--------+--------+--------+--------+-----+--------+
         Total |  12488 |  11986 |    502 |      2 |  10475 |  10 | 1248.8 |
       Dungeon |  12488 |  11986 |    502 |      2 |  10475 |  10 | 1248.8 |
               +--------+--------+--------+--------+--------+-----+--------+

Top non-repeatable levels by time:
     D:2: 2161 daAuts
     D:8: 1913 daAuts
     D:5: 1327 daAuts
     D:4: 1310 daAuts
     D:3: 1206 daAuts
     D:7: 1123 daAuts
     D:6: 1024 daAuts
    D:10: 849 daAuts
     D:9: 824 daAuts
     D:1: 746 daAuts
